 Dungeon Crawl Stone Soup version 0.27.0-1-g7a08968 (webtiles) character file.

Game seed: 408775873956668040

9 Orban the Skirmisher (level 2, -2/24 HPs)
             Began as a Demonspawn Berserker on Aug 31, 2022.
             Was a Follower of Trog.
             Slain by a goblin (4 damage)
             ... on level 1 of the Dungeon.
             The game lasted 00:01:33 (223 turns).

Orban the Skirmisher (Demonspawn Berserker)          Turns: 223, Time: 00:01:35

Health: -2/24      AC:  2    Str: 17    XL:     2   Next: 3%
Magic:  2/2        EV: 12    Int:  8    God:    Trog [*.....]
Gold:   21         SH:  0    Dex: 12    Spells: 1/1 levels left

rFire    . . .     SeeInvis .   a - +0 spear
rCold    . . .     Faith    .   (no shield)
rNeg     . . .     Spirit   .   b - +0 animal skin
rPois    .         Reflect  .   (no helmet)
rElec    .         Harm     .   (no cloak)
rCorr    .         Rampage  .   (no gloves)
Will     .....                  (no boots)
Stlth    +.........             (no amulet)
HPRegen  0.08/turn              (no ring)
MPRegen  0.08/turn              (no ring)

@: on berserk cooldown, slowed, very slow
A: powered by death 1
a: Renounce Religion, Berserk


You were on level 1 of the Dungeon.
You worshipped Trog.
Trog was aware of your devotion.
You visited 1 branch of the dungeon, and saw 1 of its levels.

You collected 21 gold pieces.

Inventory:

Hand Weapons
 a - a +0 spear (weapon)
 d - a +0 club
Armour
 b - a +0 animal skin (worn)
Scrolls
 c - a scroll of amnesia {unknown}


   Skills:
 + Level 3.2 Fighting
 + Level 3.0 Polearms
 + Level 1.8 Armour
 + Level 1.8 Dodging


You had one spell level left.
You didn't know any spells.
Your spell library was empty.

Dungeon Overview and Level Annotations

Branches:
Dungeon (1/15)

Altars:


Innate Abilities, Weirdness & Mutations

You regenerate a little health from kills.


Message History

You see here a +0 dagger.
You hit the hobgoblin.
The hobgoblin is lightly wounded.
The hobgoblin closely misses you. The quokka bites you.
The hobgoblin completely misses you. The quokka barely misses you.
You hit the hobgoblin.
The hobgoblin is moderately wounded.
The quokka closely misses you. The hobgoblin hits you.
You barely miss the hobgoblin.
The hobgoblin is moderately wounded.
The quokka misses you. The hobgoblin misses you. The quokka bites you.
The goblin closely misses you. The hobgoblin barely misses you.
You barely miss the hobgoblin.
The hobgoblin is lightly wounded.
The quokka closely misses you. The goblin barely misses you.
The hobgoblin hits you. The quokka misses you.
You hit the hobgoblin.
The hobgoblin is almost dead.
The goblin hits you with a +0 club. The quokka bites you.
The hobgoblin closely misses you. The goblin misses you.
You are too injured to fight recklessly!
You are too injured to fight recklessly!
You are too injured to fight recklessly!
You are too injured to fight recklessly!
You are too injured to fight recklessly!
Okay, then.
Okay, then.
You are too injured to fight recklessly!
You are too injured to fight recklessly!
You are too injured to fight recklessly!
You are too injured to fight recklessly!
You are too injured to fight recklessly!
You hit the goblin.
The goblin is heavily wounded.
The quokka bites you.
* * * LOW HITPOINT WARNING * * *
The hobgoblin closely misses you. The quokka bites you.
* * * LOW HITPOINT WARNING * * *
The goblin hits you with a +0 club.
You die...

#..##.#..........####
......#..............
##....#......†...#
#...............#
#..#####.##..#..#
#..# #.##..####.###
....# #.#..........
.... #.###.####.###.#
..# #.#....g@gK....#
.. .....$.>..r.#.###
#...............
#.............##
###.########..# ...
.?# ###. ##


You could see a quokka, a hobgoblin, a goblin and a kobold.

Vanquished Creatures
  2 endoplasms (D:1)
  3 goblins (D:1)
  A ball python (D:1)
  2 frilled lizards (D:1)
8 creatures vanquished.

Notes
Turn   | Place    | Note
-------+----------+-------------------------------------------
     0 | D:1      | Orban the Demonspawn Berserker began the quest for the Orb.
     0 | D:1      | Reached XP level 1. HP: 18/18 MP: 1/1
   217 | D:1      | Gained mutation: You regenerate a little health from kills.
                  | [demonic ancestry]
   217 | D:1      | Reached XP level 2. HP: 24/24 MP: 2/2
   223 | D:1      | Slain by a goblin

Illustrated notes

Levels and vault maps discovered:
D:1:      minmay_arrival_four_circles, layout_basic

Skill      XL: |  1 |
---------------+----+-----
Polearms       | 3 |  3.0
Fighting       | |  3.2
Armour         | |  1.8
Dodging        | |  1.8

Action                   || total
-------------------------++-------
Melee: Spear             ||    24
Invok: Berserk           ||     1
  Use: Potion            ||     1
Armor: Animal skin       ||     1
Dodge: Dodged            ||    24
